 Dungeon Crawl Stone Soup version 0.28.0-43-g3370ac3207 (webtiles) character file.

Game seed: 15049263909686364894

65 Ablot the Grasshopper (level 4, -3/38 HPs)
             Began as a Gnoll Warper on Mar 27, 2022.
             Slain by a gnoll
             ... wielding a +0 flail
              (11 damage)
             ... on level 2 of the Dungeon.
             The game lasted 00:02:18 (2698 turns).

Ablot the Grasshopper (Gnoll Warper)                Turns: 2698, Time: 00:02:18

Health: -3/38      AC:  4    Str: 12    XL:     4   Next: 14%
Magic:  11/11      EV: 12    Int: 13    God:
Gold:   97         SH:  0    Dex: 11    Spells: 11/13 levels left

rFire   . . .      SeeInvis .   a - +0 spear
rCold   + . .      Faith    .   (no shield)
rNeg    . . .      Spirit   .   b - +0 leather armour
rPois   .          Reflect  .   (no helmet)
rElec   .          Harm     .   (no cloak)
rCorr   .          Rampage  .   (no gloves)
Will    .....                   m - +0 pair of boots
Stlth   +.........              (no amulet)
HPRegen 0.12/turn               p - ring of protection from cold
MPRegen 0.12/turn               (no ring)

@: no status effects
A: fangs 1, strong nose, distributed training
a: no special abilities


You were on level 2 of the Dungeon.
You visited 1 branch of the dungeon, and saw 3 of its levels.

You collected 97 gold pieces.

Inventory:

Hand Weapons
 a - a +0 spear (weapon)
Missiles
 d - 5 boomerangs of dispersal
 f - 8 poisoned darts (quivered)
 h - 53 stones
Armour
 b - a +0 leather armour (worn)
 m - a +0 pair of boots (worn)
Jewellery
 p - a ring of protection from cold (left hand)
Wands
 q - a wand of digging (5)
Scrolls
 c - a scroll of blinking
 e - a scroll of summoning {unknown}
 i - a scroll of teleportation {unknown}
 j - a scroll of torment {unknown}
 l - a scroll of vulnerability {unknown}
 r - a scroll of acquirement {unknown}
Potions
 g - a potion of degeneration {unknown}
 k - a potion of curing {unknown}
 n - a potion of attraction {unknown}
 o - a potion of ambrosia {unknown}


   Skills:
 + Level 4.6 Fighting
 + Level 1.0 Short Blades
 + Level 1.0 Long Blades
 + Level 1.0 Axes
 + Level 1.0 Maces & Flails
 + Level 4.6 Polearms
 + Level 1.0 Staves
 + Level 1.0 Slings
 + Level 1.0 Bows
 + Level 1.0 Crossbows
 + Level 2.7 Throwing
 + Level 2.7 Armour
 + Level 4.6 Dodging
 + Level 1.0 Stealth
 + Level 1.0 Shields
 + Level 1.0 Unarmed Combat
 + Level 5.0 Spellcasting
 + Level 0.8 Conjurations
 + Level 0.8 Hexes
 + Level 0.8 Summonings
 + Level 0.8 Necromancy
 + Level 5.4 Translocations
 + Level 0.8 Transmutations
 + Level 0.8 Fire Magic
 + Level 0.8 Ice Magic
 + Level 0.8 Air Magic
 + Level 0.8 Earth Magic
 + Level 0.8 Poison Magic
 + Level 1.1 Invocations
 + Level 1.0 Evocations


You had 11 spell levels left.
You knew the following spells:

 Your Spells              Type           Power      Damage    Failure   Level
a - Blink                 Tloc           34%        N/A       3%          2

Your spell library contained the following spells:

 Spells                   Type           Power      Damage    Failure   Level
 Gell's Gravitas          Tloc           17%        N/A       8%          3
 Lesser Beckoning         Tloc           17%        N/A       8%          3
 Teleport Other           Tloc           17%        N/A       8%          3
 Manifold Assault         Tloc           17%        N/A       56%         5
 Dispersal                Tloc           8%         N/A       98%         6
 Disjunction              Tloc           8%         N/A       100%        8


Dungeon Overview and Level Annotations

Branches:
Dungeon (3/15)

Altars:


Innate Abilities, Weirdness & Mutations

You have very sharp teeth.
Your uncanny sense of smell can sniff out nearby items.
Your experience applies equally to all skills.


Message History

HP restored.
There is a stone staircase leading down here.
You climb downwards.
There is a stone staircase leading up here.
Unknown command.
You reach to attack!
You hit the gnoll.
The gnoll is moderately wounded.
The gnoll barely misses you.
You reach to attack!
You hit the gnoll.
The gnoll is heavily wounded.
The gnoll barely misses you. The gnoll misses you.
The gnoll hits you with a +0 flail!
You climb upwards.
There is a stone staircase leading down here.
You hit the gnoll.
The gnoll is heavily wounded.
The gnoll hits you with a +0 flail!
You barely miss the gnoll.
The gnoll is heavily wounded.
The gnoll barely misses you.
You barely miss the gnoll.
The gnoll is heavily wounded.
The gnoll misses you.
You hit the gnoll but do no damage.
The gnoll is heavily wounded.
The gnoll hits you with a +0 flail!
* * * LOW HITPOINT WARNING * * *
You closely miss the gnoll. Your bite misses the gnoll.
The gnoll is heavily wounded.
You closely miss the gnoll.
The gnoll is heavily wounded.
The gnoll closely misses you.
You hit the gnoll. You bite the gnoll, but do no damage.
The gnoll is heavily wounded.
The gnoll hits you with a +0 flail.
* * * LOW HITPOINT WARNING * * *
You hit the gnoll but do no damage.
The gnoll is heavily wounded.
The gnoll hits you with a +0 flail!
You die...

...###.# #.#
#.####.### #. ####
#.# #.## #.# #.# #.
######.## #..#
#.####.# #.
....#...## ##.#
#......# ##.
###..#†#.#### #.#
#.###..####..
#..........# #.#
#.# #........
#...#.#.##.# #.#
#.###........
#<.#...###.#
#.#####.....###....
##..##.## #.#
#.@g...##.### #....
##..##.# #.#
######.##.# #.#..
##..##.## #.#
#.##.# #.#..
##......# #.#
#.##.# #.#..
##.##.#.# #.#
#.#..#####....
#.##.#.# #.#
#>............
#.##.#.# #.#
###.########..
#.##.#.# #.# #.#
#.. #.##.#.###.#
#.# #..


You could see a gnoll.

Vanquished Creatures
  2 gnolls (D:2)
  2 dart slugs (D:1)
  An orc (D:2)
  7 bats
  5 endoplasms
  A giant cockroach (D:1)
  6 goblins
  2 hobgoblins (D:1)
  2 jackals (D:1)
  A quokka (D:2)
  3 ball pythons
  2 frilled lizards (D:2)
  A kobold (D:1)
  3 rats
38 creatures vanquished.

Notes
Turn   | Place    | Note
-------+----------+-------------------------------------------
     0 | D:1      | Ablot the Gnoll Warper began the quest for the Orb.
     0 | D:1      | Reached XP level 1. HP: 20/20 MP: 6/6
    64 | D:1      | Found a faded altar of an unknown god.
   157 | D:1      | Reached XP level 2. HP: 26/26 MP: 7/7
   160 | D:1      | Learned a level 2 spell: Blink
   891 | D:1      | Reached XP level 3. HP: 30/31 MP: 9/9
   901 | D:1      | Reached skill level 5 in Spellcasting
  1672 | D:2      | Reached skill level 1 in Invocations
  2115 | D:2      | Reached skill level 1 in Short Blades
  2115 | D:2      | Reached skill level 1 in Long Blades
  2115 | D:2      | Reached skill level 1 in Axes
  2115 | D:2      | Reached skill level 1 in Maces & Flails
  2115 | D:2      | Reached skill level 1 in Staves
  2115 | D:2      | Reached skill level 1 in Slings
  2115 | D:2      | Reached skill level 1 in Bows
  2115 | D:2      | Reached skill level 1 in Crossbows
  2115 | D:2      | Reached skill level 1 in Stealth
  2115 | D:2      | Reached skill level 1 in Shields
  2115 | D:2      | Reached skill level 1 in Unarmed Combat
  2115 | D:2      | Reached skill level 1 in Evocations
  2448 | D:2      | Reached XP level 4. HP: 9/38 MP: 11/11
  2698 | D:2      | Slain by a gnoll

Illustrated notes

Levels and vault maps discovered:
D:1:      minmay_arrival_hallway, layout_loops_ring,
          shapermc_ecumenical_altar_gd, kennysheep_small_spiral
D:2:      layout_loops_ring
D:3:      layout_loops_cross, nicolae_ru_awakened_eye,
          mainiacjoe_overflow_boulevard, mainiacjoe_overflow_six_doors_small,
          kennysheep_pointless_box

Skill      XL: |  1  2  3 |
---------------+----------+-----
Spellcasting   | 5 |  5.0
Invocations    | 1 |  1.1
Short Blades   | 1 |  1.0
Long Blades    | 1 |  1.0
Axes           | 1 |  1.0
Maces & Flails | 1 |  1.0
Staves         | 1 |  1.0
Slings         | 1 |  1.0
Bows           | 1 |  1.0
Crossbows      | 1 |  1.0
Stealth        | 1 |  1.0
Shields        | 1 |  1.0
Unarmed Combat | 1 |  1.0
Evocations     | 1 |  1.0
Fighting       | |  4.6
Polearms       | |  4.6
Throwing       | |  2.7
Armour         | |  2.7
Dodging        | |  4.6
Conjurations   | |  0.8
Hexes          | |  0.8
Summonings     | |  0.8
Necromancy     | |  0.8
Translocations | |  5.4
Transmutations | |  0.8
Fire Magic     | |  0.8
Ice Magic      | |  0.8
Air Magic      | |  0.8
Earth Magic    | |  0.8
Poison Magic   | |  0.8

Action                   |  1- 3 |  4- 6 || total
-------------------------+-------+-------++-------
Melee: Spear             |   143 |    12 ||   155
       Bite              |     8 |     1 ||     9
Throw: Dart              |     3 |       ||     3
 Cast: Blink             |     2 |       ||     2
 Stab: Sleeping          |     2 |       ||     2
Armor: Leather armour    |    28 |     1 ||    29
Dodge: Dodged            |    67 |     6 ||    73
